 Dungeon Crawl Stone Soup version 0.32-a0-42-ga30500b4d3 (webtiles) character file.

Game seed: 7606813881875459410

40387 anacleto the Mimic (level 13, -38/129 HPs)
             Began as a Troll Shapeshifter on Jan 29, 2024.
             Was an Elder of Qazlal.
             Annihilated by Rupert
             ... wielding a +1 great sword of holy wrath
              (46 damage)
             ... on level 14 of the Dungeon.
             The game lasted 00:57:30 (18612 turns).

anacleto the Mimic (Troll Shapeshifter)            Turns: 18612, Time: 00:57:32

Health: -38/129    AC:  3    Str: 29    XL:     13   Next: 74%
Magic:  16/21      EV: 11    Int:  6    God:    Qazlal [****..]
Gold:   1120       SH: 10    Dex: 15    Spells: 12/12 levels left

rFire   . .          .
                       - Unarmed
rCold   . . .        (no shield)
rNeg    . . .        F - melded +0 acid dragon scales
rPois   +            (helmet restricted)
rElec   .            z - +0 cloak
rCorr   .            (gloves unavailable)
SInv    .            (boots unavailable)
Will    .....        p - amulet of reflection
Stlth   +            s - ring of poison resistance
HPRegen 1.21/turn    x - +6 ring of dexterity
MPRegen 0.17/turn

%: repel missiles, reflection, clarity
@: maw-form
A: devouring maw, large, unfitting armour, claws 3, regeneration 1, shaggy fur
1, tough skin 1, clarity, robust 1
a: Begin Untransformation, Renounce Religion, Upheaval, Elemental Force


You were on level 14 of the Dungeon.
You worshipped Qazlal.
Qazlal was greatly pleased with you.
You were a creature with a mouth for a stomach.
You visited 3 branches of the dungeon, and saw 17 of its levels.
You also visited: Gauntlet.

You collected 1817 gold pieces.
You spent 697 gold pieces at shops.

Inventory:

Missiles
 o - 20 poisoned darts
 t - 14 boomerangs
 A - an atropa-tipped dart (quivered)
 J - 6 javelins
 N - 2 large rocks
 Q - 2 curare-tipped darts
Armour
 z - a +0 cloak (worn)
 F - +0 acid dragon scales (melded)
Jewellery
 p - an amulet of reflection (around neck)
 s - a ring of poison resistance (left claw)
 v - a +5 ring of evasion
 x - a +6 ring of dexterity (right claw)
 C - a ring of wizardry
 P - a ring of resist corrosion
Talismans
 c - a beast talisman
 d - a flux talisman
 m - a maw talisman (active)
Wands
 q - a wand of polymorph (7)
 y - a wand of flame (31)
 I - a wand of roots (4)
 K - a wand of mindburst (13)
 M - a wand of digging (4)
Scrolls
 b - a scroll of fog
 f - a scroll of identify
 i - 2 scrolls of vulnerability
 r - 4 scrolls of teleportation
 w - a scroll of immolation
 E - a scroll of brand weapon
Potions
 a - a potion of brilliance
 e - a potion of attraction
 g - a potion of invisibility
 h - 2 potions of enlightenment
 j - 3 potions of ambrosia
 l - 4 potions of cancellation
 n - 2 potions of curing
 u - a potion of haste
 B - 4 potions of might
 G - a potion of lignification
 H - 2 potions of mutation
 O - a potion of heal wounds
Miscellaneous
 L - a lightning rod (inert)


   Skills:
 + Level 5.3 Fighting
 + Level 5.5 Throwing
 - Level 3.1 Armour
 - Level 3.8 Dodging
 + Level 7.0 Unarmed Combat
 - Level 13.3 Invocations
 * Level 14.0 Shapeshifting


You had 12 spell levels left.
You didn't know any spells.
Your spell library contained the following spells:

 Spells                   Type           Power      Damage    Failure   Level
 Apportation              Tloc           0%         N/A       45%         1
 Necrotise                Necr           0%         1d4       45%         1
 Slow                     Hex            0%         N/A       45%         1
 Sting                    Conj/Alch      0%         1d3       45%         1
 Summon Small Mammal      Summ           0%         N/A       45%         1
 Ensorcelled Hibernation  Hex/Ice        0%         N/A       58%         2
 Sublimation of Blood     Necr           0%         N/A       58%         2
 Call Canine Familiar     Summ           0%         N/A       83%         3
 Confusing Touch          Hex            0%         N/A       83%         3
 Fugue of the Fallen      Necr           0%         N/A       83%         3
 Inner Flame              Hex/Fire       0%         N/A       83%         3
 Sigil of Binding         Hex            0%         N/A       83%         3
 Vampiric Draining        Necr           0%         2d6       83%         3
 Anguish                  Hex/Necr       0%         N/A       99%         4
 Flame Wave               Conj/Fire      0%         2d4       99%         4
 Petrify                  Alch/Erth      0%         N/A       99%         4
 Sticky Flame             Fire/Alch      0%         2d4       99%         4
 Summon Blazeheart Golem  Fire/Summ      0%         N/A       99%         4
 Irradiate                Conj/Alch      0%         3d11      100%        5
 Ignition                 Fire           0%         3d3       100%        8


Dungeon Overview and Level Annotations

Branches:
Dungeon (14/15)            Temple (1/1) D:6            Lair (0/5) D:11
    Orc (2/2) D:9             Elf (0/3) Orc:2       Gauntlet (visited)
 Vaults: D:13-14

Altars:
Ashenzari
Cheibriados
Dithmenos
Elyvilon
Fedhas
Gozag
Hepliaklqana
Kikubaaqudgha
Makhleb
Nemelex Xobeh
Okawaru
Qazlal
Ru
Sif Muna
Trog
Uskayaw
Vehumet
Wu Jian
Xom
Yredelemnul
Zin
The Shining One

Shops:
D:9 (   D:11 *   D:13 (   Orc:1 (   Orc:2 !*:*

Annotations:
D:6 1 runed translucent door, Crazy Yiuf
D:9 1 runed translucent door
D:13 1 runed translucent door
D:14 Rupert


Innate Abilities, Weirdness & Mutations

You are a creature with a mouth for a stomach.
Your midsection houses a second, enormous mouth.
You are too large for most types of armour.
You have claws for hands.
Your natural rate of healing is unusually fast.
You are covered in fur. (AC +1)
You have tough skin. (AC +1)
You possess an exceptional clarity of mind.
You are robust. (+10% HP)


Message History

Rupert roars madly and goes into a rage!
Rupert goes berserk!
You can move again.
Activating: Elemental Force (0% risk of failure)
Press: ? - help, Dir - look around, f - activate Clouds arounds you coalesce and take form!
Rupert rages.
Unknown command.
You claw Rupert! Your bite misses Rupert.
Rupert is lightly wounded.
Rupert closely misses you.
Unknown command.
You scratch Rupert but do no damage.
Rupert is lightly wounded.
You block Rupert's attack.
Your water elemental completely misses Rupert.
Your earth elemental hits Rupert!!
Rupert hits you with a +1 great sword of holy wrath!!!
Unknown command.
You claw Rupert! You bite Rupert!
Rupert is heavily wounded.
Your water elemental completely misses Rupert.
Your water elemental hits Rupert!
Your water elemental engulfs Rupert in water!
Your water elemental hits Rupert!!
Rupert hits you with a +1 great sword of holy wrath!!!
You mangle Rupert!! You bite Rupert.
Rupert is severely wounded.
Rupert is asphyxiated!
Rupert is engulfed in blazing flames.
Rupert hits you with a +1 great sword of holy wrath!!!
* * * LOW HITPOINT WARNING * * *
Your water elemental barely misses Rupert.
Your water elemental hits Rupert! x2
Your earth elemental barely misses Rupert.
You closely miss Rupert.
Rupert is almost dead.
Rupert is asphyxiated!
Rupert is engulfed in blazing flames.
Rupert hits you with a +1 great sword of holy wrath!!!
You die...
Rupert roars with triumph.

###+######
#.(......#
#........#
#...(.°§☼#
#..>.E.E.+
+...?E@W.#
#....EE.°#
#..(.....#
#........#
(.#####+##
.


You could see Rupert (berserk, asphyxiating, ally target), 2 friendly earth
elementals and 3 friendly water elementals.

Vanquished Creatures
  A minotaur (Gauntlet)
  A rakshasa (D:13)
  Fannar (D:12)
  4 ogre magi
  17 two-headed ogres
  3 boulder beetles
  A tengu warrior (D:9)
  Sonja (D:9)
  A deep elf pyromancer (D:14)
  2 ugly things
  An oklob plant (D:11)
  A shining eye (Gauntlet)
  3 cyclopes
  A meliai (D:9)
  A kobold blastminer (Orc:2)
  2 gargoyles (D:12)
  A kobold demonologist (D:9)
  5 trolls
  Grinder (D:5)
  A glass eye (Gauntlet)
  6 slime creatures
  6 shadows
  3 vampires
  4 wraiths
  25 yaks
  A wyvern (D:9)
  2 wargs
  A steam dragon (D:7)
  7 vampire mosquitoes
  Edmund (D:5)
  2 acid dragons
  Duvessa (D:5)
  11 orc warriors
  2 sky beasts
  A black bear (D:8)
  7 ice beasts
  19 ogres
  A centaur (D:10)
  2 phantoms
  A kobold brigand (D:6)
  2 bullfrogs
  3 scorpions
  Dowan (D:5)
  9 wights
  5 jellies
  2 hounds
  A gnoll bouda (D:9)
  17 orc priests
  5 iguanas
  3 sleepcaps
  Jessica (D:3)
  Natasha (thrice) (D:2)
  21 orc wizards
  9 adders
  9 gnolls
  3 white imps
  2 ufetubi (D:6)
  A ribbon worm (D:2)
  A ribbon worm (shapeshifter) (D:13)
  A dart slug (D:4)
  51 orcs
  8 ball pythons
  8 endoplasms
  5 goblins
  6 hobgoblins
  7 kobolds
  2 quokkas
  4 bats
  3 frilled lizards
  3 rats
348 creatures vanquished.

Vanquished Creatures (collateral kills)
  3 two-headed ogres
  A warg (Orc:2)
  4 orc warriors
  2 ogres (Orc:2)
  2 orc priests (Orc:1)
  4 orc wizards
  10 orcs
26 creatures vanquished.

Vanquished Creatures (others)
  An orc wizard (Orc:2)
1 creature vanquished.

Grand Total: 375 creatures vanquished

Notes
Turn   | Place    | Note
-------+----------+-------------------------------------------
     0 | D:1      | anacleto the Troll Shapeshifter began the quest for the
                  | Orb.
     0 | D:1      | Reached XP level 1. HP: 18/18 MP: 0/0
    36 | D:1      | Reached skill level 1 in Fighting
   115 | D:1      | Reached XP level 2. HP: 24/27 MP: 1/1
   756 | D:1      | Reached XP level 3. HP: 33/33 MP: 2/2
  1061 | D:2      | Reached XP level 4. HP: 41/41 MP: 3/3
  1158 | D:2      | Noticed Natasha
  1175 | D:2      | Killed Natasha
  1496 | D:2      | Noticed Natasha
  1503 | D:2      | Killed Natasha
  1626 | D:2      | Noticed Natasha
  1635 | D:2      | Killed Natasha
  1636 | D:2      | Reached skill level 1 in Throwing
  1636 | D:2      | Reached XP level 5. HP: 33/49 MP: 4/4
  1779 | D:3      | Noticed Jessica
  1792 | D:3      | Killed Jessica
  2129 | D:3      | Reached skill level 1 in Invocations
  2148 | D:3      | Reached skill level 1 in Armour
  2148 | D:3      | Reached skill level 4 in Shapeshifting
  2357 | D:4      | Noticed a phantom
  2383 | D:4      | Killed a phantom
  2384 | D:4      | Reached XP level 6. HP: 45/57 MP: 5/5
  2984 | D:5      | Entered Level 5 of the Dungeon
  2985 | D:5      | Noticed Dowan
  3288 | D:5      | Noticed Duvessa
  3459 | D:5      | Found an iron altar of Okawaru.
  3695 | D:5      | Noticed Grinder
  3708 | D:5      | Killed Grinder
  3709 | D:5      | Reached XP level 7. HP: 66/66 MP: 7/7
  3724 | D:5      | Found a snail-covered altar of Cheibriados.
  3956 | D:6      | Reached skill level 5 in Shapeshifting
  4027 | D:6      | Found a staircase to the Ecumenical Temple.
  4049 | Temple   | Entered the Ecumenical Temple
  4071 | Temple   | Became a worshipper of Qazlal Stormbringer
  4128 | D:6      | Reached XP level 8. HP: 52/74 MP: 8/8
  4293 | D:6      | an ogre changed into a harpy
  4293 | D:6      | Noticed a harpy
  4298 | D:6      | a harpy changed into a tengu
  4690 | D:6      | Reached skill level 5 in Unarmed Combat
  4867 | D:6      | Found a runed translucent door.
  4868 | D:6      | Noticed Crazy Yiuf
  4919 | D:5      | Reached skill level 6 in Shapeshifting
  4951 | D:5      | Killed Duvessa
  4953 | D:5      | Killed Dowan
  5052 | D:5      | Noticed Edmund
  5065 | D:5      | Killed Edmund
  5066 | D:5      | Reached XP level 9. HP: 83/83 MP: 10/10
  5202 | D:5      | Found a radiant altar of Vehumet.
  5246 | D:5      | Found an ornate altar of the Wu Jian Council.
  5455 | D:5      | Reached * piety under Qazlal
  5886 | D:7      | Found a hazy altar of Hepliaklqana.
  5891 | D:7      | Reached skill level 7 in Shapeshifting
  6206 | D:7      | Gained mutation: Potions are less effective at restoring
                  | your health. [potion of mutation]
  6206 | D:7      | Gained mutation: You are robust. (+10% HP) [potion of
                  | mutation]
  6206 | D:7      | Gained mutation: You possess an exceptional clarity of
                  | mind. [potion of mutation]
  6207 | D:7      | Lost mutation: Potions are less effective at restoring your
                  | health. [potion of mutation]
  6207 | D:7      | Lost mutation: You possess an exceptional clarity of mind.
                  | [potion of mutation]
  6207 | D:7      | Gained mutation: You possess an exceptional clarity of
                  | mind. [potion of mutation]
  6528 | D:7      | Found a glowing silver altar of Zin.
  6530 | D:7      | Found a hide-covered altar of Uskayaw.
  6594 | D:7      | Reached skill level 8 in Shapeshifting
  7080 | D:8      | Reached skill level 9 in Shapeshifting
  7546 | D:9      | Found Alla's Antique Weapon Boutique.
  7577 | D:9      | Noticed a kobold demonologist
  7589 | D:9      | Killed a kobold demonologist
  7590 | D:9      | Reached skill level 10 in Shapeshifting
  7590 | D:9      | Reached XP level 10. HP: 98/100 MP: 11/11
  7677 | D:9      | Found a runed translucent door.
  7677 | D:9      | Noticed a sixfirhy
  7732 | D:9      | Reached ** piety under Qazlal
  7760 | D:9      | Found a staircase to the Orcish Mines.
  7854 | D:9      | Found a bloodstained altar of Trog.
  7878 | D:9      | Noticed a brown ugly thing
  7897 | D:9      | Killed a brown ugly thing
  8135 | D:9      | Reached skill level 11 in Shapeshifting
  8155 | D:9      | Noticed a meliai
  8309 | D:10     | Entered Level 10 of the Dungeon
  8680 | D:9      | Noticed a tengu warrior
  9647 | D:10     | Noticed a two-headed ogre
  9658 | D:10     | Killed a two-headed ogre
  9777 | D:10     | Reached skill level 12 in Shapeshifting
  9789 | D:10     | Reached skill level 5 in Invocations
  9794 | D:10     | Reached XP level 11. HP: 88/106 MP: 13/13
  9992 | D:10     | Found a shimmering blue altar of Sif Muna.
 10302 | D:11     | Found Zin's Purification Station.
 10303 | D:11     | Found a glowing silver altar of Zin.
 10372 | D:11     | Noticed a boulder beetle
 10390 | D:11     | Killed a boulder beetle
 10448 | D:11     | Reached *** piety under Qazlal
 10813 | D:11     | Found a staircase to the Lair.
 10813 | D:11     | Noticed an oklob plant
 10858 | D:11     | Noticed a two-headed ogre
 10868 | D:11     | Noticed a two-headed ogre
 10870 | D:11     | Killed a two-headed ogre
 10876 | D:11     | Killed a two-headed ogre
 11538 | D:9      | Killed a tengu warrior
 12157 | D:12     | Noticed a two-headed ogre
 12157 | D:12     | Found a hazy altar of Hepliaklqana.
 12172 | D:12     | Killed a two-headed ogre
 12332 | D:12     | Found a gate leading to a gauntlet.
 12337 | D:12     | Noticed a boulder beetle
 12338 | Gauntlet | Entered a Gauntlet
 12338 | Gauntlet | Found a transporter.
 12343 | Gauntlet | Noticed a shining eye
 12345 | Gauntlet | Found a transporter.
 12348 | Gauntlet | Found a transporter.
 12349 | Gauntlet | Found a transporter.
 12358 | Gauntlet | Found a transporter.
 12360 | Gauntlet | Found a transporter.
 12361 | Gauntlet | Found a transporter.
 12369 | Gauntlet | Found a transporter.
 12372 | Gauntlet | Found a transporter.
 12373 | Gauntlet | Found a transporter.
 12375 | Gauntlet | Noticed a glowing orange brain
 12377 | Gauntlet | Noticed a glowing orange brain
 12377 | Gauntlet | Noticed a white ugly thing
 12381 | Gauntlet | Found a transporter.
 12384 | Gauntlet | Found a transporter.
 12385 | Gauntlet | Found a transporter.
 12389 | Gauntlet | Noticed a reaper
 12391 | Gauntlet | Found a runed translucent gate.
 12391 | Gauntlet | Found a runed translucent gate.
 12391 | Gauntlet | Found a runed translucent gate.
 12393 | Gauntlet | Found a transporter.
 12492 | Gauntlet | Killed a shining eye
 12527 | Gauntlet | Reached skill level 10 in Invocations
 12527 | Gauntlet | Reached XP level 12. HP: 54/115 MP: 18/18
 12622 | Gauntlet | Noticed a minotaur
 12627 | Gauntlet | Killed a minotaur
 12949 | D:12     | Killed a boulder beetle
 13173 | D:12     | Noticed a two-headed ogre
 13180 | D:12     | Killed a two-headed ogre
 13316 | D:12     | Reached **** piety under Qazlal
 13319 | D:12     | Noticed Fannar
 13325 | D:12     | Killed Fannar
 13790 | D:13     | Found Avawnawn's Antique Weapon Shoppe.
 13853 | D:13     | Noticed a boulder beetle
 13888 | D:13     | Killed a boulder beetle
 13903 | D:13     | Noticed a rakshasa
 14202 | Orc:1    | Entered Level 1 of the Orcish Mines
 14293 | Orc:1    | Found Ylychuh's Weapon Shop.
 14301 | Orc:1    | Bought 5 boomerangs for 150 gold pieces
 14327 | Orc:1    | Noticed Sonja
 14353 | D:9      | Killed Sonja
 14729 | Orc:2    | Entered Level 2 of the Orcish Mines
 15766 | Orc:2    | Noticed a two-headed ogre
 15767 | Orc:2    | Noticed a two-headed ogre
 15782 | Orc:2    | Killed a two-headed ogre
 15784 | Orc:2    | Killed a two-headed ogre
 15789 | Orc:2    | Noticed an ogre mage
 15848 | Orc:2    | Killed an ogre mage
 15849 | Orc:2    | Reached skill level 13 in Shapeshifting
 15849 | Orc:2    | Reached XP level 13. HP: 118/125 MP: 21/21
 16777 | Orc:2    | Found Ocsuss's Assorted Antiques.
 16777 | Orc:2    | Found Dosory's Distillery.
 16778 | Orc:2    | Found Hifi's Assorted Antiques.
 16778 | Orc:2    | Found Muommos's Book Emporium.
 16788 | Orc:2    | Reached ***** piety under Qazlal
 16792 | Orc:2    | Reached skill level 5 in Throwing
 16807 | Orc:2    | Bought a scroll labelled IWKA DAOMATI for 26 gold pieces
 16812 | Orc:2    | Bought a scroll of identify for 58 gold pieces
 16812 | Orc:2    | Bought a scroll labelled VUMUDA TUEBU for 29 gold pieces
 16828 | Orc:2    | Reached skill level 5 in Fighting
 16838 | Orc:2    | Bought a potion of haste for 140 gold pieces
 16838 | Orc:2    | Bought a potion of might for 56 gold pieces
 16838 | Orc:2    | Bought a potion of lignification for 42 gold pieces
 16838 | Orc:2    | Bought a potion of heal wounds for 70 gold pieces
 16838 | Orc:2    | Bought a potion of might for 56 gold pieces
 16838 | Orc:2    | Bought a potion of enlightenment for 70 gold pieces
 16990 | Orc:2    | Found a staircase to the Elven Halls.
 17785 | D:13     | Found a runed translucent door.
 17857 | D:13     | Found a hide-covered altar of Uskayaw.
 18116 | D:13     | Reached skill level 14 in Shapeshifting
 18599 | D:14     | Noticed Rupert
 18602 | D:14     | Paralysed by Rupert for 4 turns
 18612 | D:14     | Annihilated by Rupert

Illustrated notes

Levels and vault maps discovered:
D:1:      tarquinn_simple_flora_water_e, layout_loops_ring
D:2:      layout_basic, uniq_natasha
D:3:      layout_basic, uniq_jessica
D:4:      layout_loops_ring, hangedman_abyss_or_decor_passed
D:5:      layout_basic, kennysheep_mini_moat, pdpol_wu_jian_five_deadly_venoms,
          lemuel_round_altar, lemuel_doored_altar, dk_noncrumbling_3,
          uniq_grinder, uniq_edmund, uniq_duvessa
D:6:      layout_basic, minmay_temple_entry_gardened_gates,
          uniq_crazy_yiuf_cottage
D:7:      layout_layer_cave, lemuel_crystal_altar, jmf_multi_god_temple
D:8:      layout_loops_ring, minmay_misc_feat_roman
D:9:      cheibrodos_shockbox, layout_gridville, nicolae_overflow_crystal_walls,
          orc_0_dummy, serial_shops, nicolae_stop_n_shop_2, st_stairs_8,
          nicolae_hexahallways, kb_rosetta
D:10:     layout_grid_maze, kennysheep_little_box
D:11:     layout_gridville, dpeg_oklobed_lair, zin_purify
D:12:     layout_gridville, gauntlet_entry_generic,
          worldfamousw_hep_ancestral_shrine, uniq_fannar
D:13:     layout_roguey, serial_shops, shop, nrook_loot_triangle,
          eino_curves_01, nicolae_danse_macabre
D:14:     layout_roguey, skrybe_vaults_entry_preservation,
          grunt_decor_resistance, uniq_azrael, uniq_roxanne, uniq_rupert
Temple:   dshaligram_water_room_temple
Orc:1:    layout_caves, serial_shops, shop, uniq_sonja
Orc:2:    st_orc_ogre_mass, layout_caves

Skill      XL: |  1  2  3  4  5  6  7  8  9 10 11 12 13 |
---------------+----------------------------------------+-----
Fighting       | 1 2 3 5 |  5.3
Dodging        | 2 3 |  3.8
Throwing       | 1 2 3 5 |  5.5
Invocations    | 1 2 3 5 10 13 | 13.3
Armour         | 1 2 3 |  3.1
Shapeshifting  | 4 5 6 10 12 13 14 | 14.0
Unarmed Combat | 4 5 7 |  7.0

Action                     |  1- 3 |  4- 6 |  7- 9 | 10-12 | 13-15 || total
---------------------------+-------+-------+-------+-------+-------++-------
  Melee: Unarmed           |    60 |   106 |   269 |   456 |   124 ||  1015
         Punch             |     2 |     4 |     8 |    19 |     7 ||    40
         Maw               |       |       |       |   186 |    55 ||   241
  Throw: Dart              |       |    15 |    10 |    15 |     9 ||    49
         Throwing net      |       |       |     2 |     1 |       ||     3
         Boomerang         |       |       |       |    18 |    32 ||    50
         Large rock        |       |       |       |    11 |     9 ||    20
 Invoke: Elemental Force   |       |       |       |     3 |     3 ||     6
         Upheaval          |       |       |       |     2 |       ||     2
Ability: Begin Untransform |       |       |     2 |     1 |       ||     3
  Evoke: Wand              |       |       |     4 |    14 |    11 ||    29
         Lightning rod     |       |       |       |     6 |     6 ||    12
    Use: Potion            |       |     1 |     2 |     4 |     7 ||    14
         Scroll            |       |     1 |    10 |    13 |     3 ||    27
   Stab: Sleeping          |     1 |       |       |       |       ||     1
         Held in net/web   |       |       |       |     1 |       ||     1
 Armour: Animal skin       |    41 |    80 |   106 |       |       ||   227
         Skin              |       |     7 |       |   307 |    92 ||   406
         Steam dragon scal |       |       |    42 |     7 |       ||    49
  Dodge: Dodged            |    32 |    33 |    97 |   178 |    34 ||   374
         Repelled          |       |       |       |       |     3 ||     3
  Block: Other             |       |     4 |    48 |   164 |    48 ||   264
         Reflection        |       |       |       |    13 |     4 ||    17
   Form: Beast             |       |       |     2 |       |       ||     2
         Maw               |       |       |       |     1 |       ||     1

Table legend: (Time is in decaauts)
 A = Elapsed time spent in this place.
 B = Non-inter-level travel time spent in this place.
 C = Inter-level travel time spent in this place.
 D = Time resting spent in this place.
 E = Time spent auto-exploring this place.
 F = Levels seen in this place.
 G = Mean time per level.
                   A        B        C        D        E       F      G
               +--------+--------+--------+--------+--------+-----+--------+
         Total |  18614 |  17242 |   1372 |   3617 |   9207 |  18 | 1034.1 |
       Dungeon |  14975 |  13692 |   1283 |   2254 |   8323 |  14 | 1069.6 |
        Temple |     38 |     38 |      0 |      0 |      0 |   1 |   38.0 |
  Orcish Mines |   3167 |   3079 |     88 |   1290 |    751 |   2 | 1583.5 |
      Gauntlet |    432 |    432 |      0 |     72 |    133 |   1 |  432.0 |
               +--------+--------+--------+--------+--------+-----+--------+

Top non-repeatable levels by time:
     D:9: 1982 daAuts
    D:10: 1849 daAuts
   Orc:2: 1833 daAuts
   Orc:1: 1334 daAuts
    D:11: 1283 daAuts
     D:4: 1268 daAuts
     D:6: 1149 daAuts
    D:12: 1139 daAuts
    D:13: 1123 daAuts
     D:7: 1100 daAuts
     D:5: 956 daAuts
     D:2: 932 daAuts
     D:1: 735 daAuts
     D:8: 681 daAuts
     D:3: 663 daAuts
